Map: Cactus Valley LE (Void)

Players

Musumeci - Winner!

  • Race: Zerg Zerg
  • League: Diamond
  • Spawn Location: 7:00

bagami

  • Race: Zerg Zerg
  • League: Diamond
  • Spawn Location: 5:00

VOD

Have the link to the VOD?

Description

Time

  • Played on: March 23, 2017, 1:27 p.m.
  • Length: 6:39
Show
View Real Time Build Order
Export as new Build Order

Musumeci Zerg - Winner!

Build Orders: Hatch First 

Get SALT Encoding   

  12  0:00  Drone  
  13  0:08  Drone  
  13  0:14  Drone, Extractor  
  15  0:28  Overlord  
  15  0:48  Drone  
  15  0:49  Hatchery  
  15  1:05  Drone  
  15  1:07  Drone  
  17  1:11  Spawning Pool  
  17  1:17  Extractor  
  15  1:33  Drone  
  15  1:34  Drone x2  
  18  1:58  Queen  
  18  2:00  Queen, Drone  
  23  2:02  Zergling x2  
  23  2:03  Drone  
  23  2:06  Drone  
  26  2:11  Drone  
  27  2:28  Metabolic Boost  
  27  2:33  Drone  
  27  2:36  Overlord  
  28  2:49  Baneling Nest  
  28  2:50  Drone  
  28  2:54  Queen  
  30  3:02  Zergling x6  
  33  3:18  Drone x3  
  35  3:40  Baneling x2  
  35  3:47  Overlord  
  35  4:00  Extractor  
  35  4:18  Hatchery, Drone x4  
  35  4:19  Drone x4  
  35  4:20  Zergling x4  
  35  4:21  Overlord  
  35  4:23  Overlord  
  44  4:27  Overlord  
  44  4:44  Zergling x16  
  50  5:02  Baneling x2  
  50  5:03  Baneling  
  50  5:14  Zergling x16  
  58  5:24  Hatchery  
  49  5:52  Zergling x14  
  54  6:06  Zergling x2  
  54  6:07  Zergling x4  
Show
View Real Time Build Order
Export as new Build Order

bagami Zerg 

Build Orders: Hatch First 

Get SALT Encoding   

  12  0:00  Drone  
  13  0:12  Overlord  
  13  0:16  Drone  
  14  0:30  Drone  
  14  0:31  Drone  
  14  0:35  Drone  
  17  0:52  Hatchery  
  16  0:59  Drone, Extractor  
  16  1:00  Drone  
  17  1:15  Spawning Pool  
  17  1:17  Drone  
  17  1:20  Drone  
  18  1:28  Drone  
  19  1:47  Drone  
  20  2:01  Queen  
  20  2:03  Metabolic Boost  
  20  2:06  Queen  
  24  2:10  Drone  
  24  2:11  Zergling x2  
  24  2:12  Zergling x2  
  24  2:13  Drone  
  28  2:22  Overlord  
  28  2:36  Baneling Nest  
  27  2:42  Drone  
  27  2:43  Drone  
  29  2:44  Drone  
  29  2:45  Drone  
  29  2:48  Drone  
  29  2:49  Drone  
  33  3:01  Drone  
  33  3:02  Drone  
  33  3:04  Evolution Chamber  
  33  3:18  Drone x2  
  34  3:30  Overlord  
  34  3:32  Zerg Ground Armor Level 1  
  34  3:33  Drone  
  35  3:34  Hatchery  
  35  3:38  Queen, Extractor  
  35  3:40  Overlord  
  36  3:53  Zergling x6  
  36  3:54  Zergling x4  
  36  3:55  Zergling x4  
  44  4:02  Drone  
  44  4:03  Drone  
  44  4:06  Drone  
  44  4:07  Drone x2  
  44  4:08  Drone  
  49  4:19  Drone  
  50  4:24  Drone  
  51  4:34  Spine Crawler  
  51  4:38  Baneling, Evolution Chamber  
  49  4:43  Baneling  
  49  4:54  Drone x4  
  49  4:58  Drone  
  49  4:59  Drone  
  48  5:11  Zergling x2  
  48  5:12  Zergling x4  
  51  5:21  Drone  
  51  5:22  Hatchery, Drone  
  51  5:23  Hatchery, Spine Crawler  
  51  5:25  Queen  
  51  5:27  Spine Crawler, Extractor  
  50  5:28  Overlord  
  50  5:29  Overlord x2  
  49  5:38  Zergling x2  
  49  5:39  Zergling x4  
  49  5:41  Overlord  
  47  5:53  Zergling x2  
  47  5:54  Zergling x8  
  46  6:00  Baneling  
  46  6:03  Zergling x2  
  46  6:07  Baneling  
  46  6:08  Baneling x2, Zergling x2  
  45  6:20  Extractor  
Tags
 
Add a new tag
Caveats
  • Supply blocks, unpowered buildings, or Contaminate may cause inaccurate times.
  • Supply counts are checked every 10 seconds.